 Dungeon Crawl Stone Soup version 0.16-a0-3758-g7fc8210 (console) character file.

556 MarvinPA the Cutter (level 7, 0/37 HPs)
             Began as a Vine Stalker Abyssal Knight on Jan 23, 2015.
             Was an Elder of Lugonu.
             Succumbed to a scorpion's poison
             ... on level 4 of the Dungeon.
             The game lasted 00:11:15 (3097 turns).

MarvinPA the Cutter (Vine Stalker Abyssal Knight)   Turns: 3097, Time: 00:11:15

Health: 0/37       AC:  6    Str: 18    XL:     7   Next: 30%
Magic:  1/14       EV: 13    Int: 12    God:    Lugonu [****..]
Gold:   191        SH:  3    Dex: 16    Spells: 0 memorised, 6 levels left

rFire  + . .     SeeInvis .     a - +2 short sword
rCold  + . .     Clarity  .     B - +2 leather armour of the Black Moon {Str+4}
rNeg   . . .     SustAb   .     z - +0 buckler
rPois  +         Gourm    .     m - +0 helmet (curse)
rElec  +         Spirit   +     (no cloak)
rCorr  +         Warding  .     (no gloves)
rMut   .         Stasis   .     (no boots)
MR     .....                    (no amulet)
Stlth  +.........               (no ring)
                                C - +2 ring of evasion

@: lethally poisoned, resistant, drained, not resistant to hostile enchantments,
very unstealthy
A: fangs 2, regeneration 2, magic shield, antimagic bite, no device heal 3, rot
immunity
a: Depart the Abyss, Bend Space, Banish, Corrupt, Renounce Religion


You were on level 4 of the Dungeon.
You worshipped Lugonu.
Lugonu was greatly pleased with you.
You were hungry.

You visited 1 branch of the dungeon, and saw 5 of its levels.
You visited the Abyss 1 time.

You collected 191 gold pieces.


Innate Abilities, Weirdness & Mutations

You have extremely sharp teeth.
You heal very quickly.
When hurt, damage is shared between your health and your magic reserves.
Your bite disrupts and absorbs the magic of your enemies.
Potions and wands cannot restore your health.
You are immune to rotting.


   Skills:
 - Level 4.0(3.7) Fighting
 + Level 5.3(5.0) Short Blades
 - Level 1.5(1.3) Armour
 - Level 1.3(1.1) Dodging
 + Level 3.9(3.7) Invocations


You had 6 spell levels left.
You didn't know any spells.

Inventory:

Hand weapons
 a - a +2 short sword (weapon)
Missiles
 n - 7 needles of confusion
Armour
 m - a cursed +0 helmet (worn)
 z - a +0 buckler (worn)
 B - the +2 leather armour of the Black Moon (worn) {Str+4}
   (You found it on level 4 of the Dungeon)

   It affects your strength (+4).
Jewellery
 C - a +2 ring of evasion (left hand)
Magical devices
 A - a wand of polymorph (5)
Scrolls
 e - a scroll of teleportation {@r4}
 f - a scroll of amnesia {unknown}
 g - a scroll of fear
 j - a scroll of remove curse {unknown}
 k - a scroll of noise {unknown}
 l - a scroll of random uselessness {unknown}
 p - 4 scrolls of enchant weapon
 v - a scroll of magic mapping
 w - a scroll of identify {@r1}
 x - a scroll of immolation {unknown}
Potions
 d - a potion of lignification {!q}
 h - a potion of resistance
 o - a potion of flight {unknown}
 q - 2 potions of haste {@q3}
 r - a potion of mutation {unknown}
 s - a potion of heal wounds {unknown}
 t - a potion of restore abilities {unknown}
 u - a potion of curing {unknown}
Comestibles
 b - 2 chunks of flesh
 c - 6 bread rations

Dungeon Overview and Level Annotations

Branches:
Dungeon (5/15)             Temple (0/1) D:4

Altars:
Dithmenos
Makhleb
Nemelex Xobeh

Shops:
D:5

}?
#.......s........##.....##
#######'######.....##...##
...........# #......#'''##
..........# #...........+
...o.o.s.l# #...........#
##..%o..Or# #...........#
#.####.#.# #...........# .
...#.#############+##
#.####.)f...# # ######.#


There were no monsters in sight!


Message History

The scorpion is almost dead.
* * * LOW HITPOINT WARNING * * *
You feel sick.
You barely miss the scorpion. You bite the scorpion. You drain its power.
You feel invigorated.
The scorpion is almost dead.
* * * LOW HITPOINT WARNING * * *
You feel sick. The scorpion stings you.
* * * LOW HITPOINT WARNING * * *
You hit the scorpion.
You kill the scorpion!
Lugonu accepts your kill.
Drink which item? (? for menu, Esc to quit)
Okay, then.
Unknown command.
You hit the orc.
The orc is moderately wounded.
* * * LOW HITPOINT WARNING * * *
You feel sick.
The orc hits you with a dagger of draining.
You feel drained.
You hit the orc.
You kill the orc!
Lugonu accepts your kill.
* * * LOW HITPOINT WARNING * * *
You feel sick.
Drink which item? (? for menu, Esc to quit)
It was a potion of resistance.
You feel protected.
You die...

Action                   |  1- 3 |  4- 6 |  7- 9 || total
-------------------------+-------+-------+-------++-------
Melee: Short sword       |   119 |   230 |    28 ||   377
Invok: Banish            |       |     1 |       ||     1
  Use: Potion            |     2 |       |     1 ||     3
       Scroll            |       |     6 |       ||     6
 Stab: Sleeping          |     1 |       |       ||     1
  Eat: Chunk             |     1 |     6 |       ||     7

Vault maps used:
D:1:      dpeg_arrival_simpleton_a, st_stairs_5, serial_park_tiny_1
D:2:      old_standard_altar, lemuel_crystal_altar, first_bread, minivault_14,
          uniq_sigmund
D:3:      bloody_makhleb
D:4:      temple_statues, kennysheep_windowed_goal
D:5:      serial_shops, shop_fountains, nicolae_for_you_no_charge

Notes
Turn   | Place    | Note
--------------------------------------------------------------
     0 | Abyss:1  | MarvinPA, the Vine Stalker Abyssal Knight, began the quest for the Orb.
     0 | Abyss:1  | Reached XP level 1. HP: 11/11 MP: 1/1
    10 | D:1      | Escaped the Abyss
    60 | D:1      | Reached skill level 2 in Short Blades
   241 | D:1      | Reached XP level 2. HP: 8/16 MP: 3/3
   327 | D:1      | Reached skill level 3 in Fighting
   533 | D:1      | Acquired Lugonu's second power
   869 | D:2      | Found a sparkling altar of Nemelex Xobeh.
   947 | D:2      | Noticed Sigmund
   985 | D:1      | Reached XP level 3. HP: 20/20 MP: 4/4
  1102 | D:2      | Found a shadowy altar of Dithmenos.
  1274 | D:2      | Killed Sigmund
  1274 | D:2      | Reached skill level 3 in Short Blades
  1274 | D:2      | Reached XP level 4. HP: 25/25 MP: 6/6
  1274 | D:2      | Reached XP level 5. HP: 29/29 MP: 8/8
  1411 | D:2      | Reached skill level 4 in Fighting
  1636 | D:3      | Reached skill level 1 in Dodging
  1794 | D:3      | Acquired Lugonu's third power
  1799 | D:3      | Reached skill level 4 in Short Blades
  1826 | D:3      | Reached skill level 2 in Invocations
  1829 | D:3      | Gained mutation: You heal very quickly. [vine stalker growth]
  1829 | D:3      | Reached XP level 6. HP: 9/33 MP: 5/10
  1874 | D:3      | Found a burning altar of Makhleb.
  2808 | D:4      | Found a staircase to the Ecumenical Temple.
  2827 | D:4      | Got a jewelled leather armour
  2838 | D:4      | Identified the +2 leather armour of the Black Moon {Str+4} (You found it on level 4 of the Dungeon)
  2846 | D:4      | You fall through a shaft!
  2846 | D:5      | Entered Level 5 of the Dungeon
  2846 | D:5      | Found Ittis' Quality Used Wands.
  2846 | D:5      | Found Ostolel's Magic Scroll Boutique.
  2886 | D:5      | Reached skill level 3 in Invocations
  3011 | D:5      | Acquired Lugonu's fourth power
  3068 | D:4      | Reached skill level 5 in Short Blades
  3068 | D:4      | Reached XP level 7. HP: 19/37 MP: 7/13
  3091 | D:4      | HP: 3/37 [poisoned by a scorpion]
  3093 | D:4      | HP: 1/37 [scorpion (1)]
  3097 | D:4      | Identified 2 potions of resistance
  3097 | D:4      | Succumbed to a scorpion's poison

Vanquished Creatures
  An ogre (D:4)
  Sigmund (D:2)
  A scorpion (D:4)
  2 orc priests (D:3)
  An orc wizard (D:3)
  A worker ant (D:5)
  An iguana (D:4)
  9 adders
  A giant mite (D:2)
  2 worms
  A giant gecko (D:5)
  19 orcs
  4 giant cockroaches
  10 goblins
  10 hobgoblins
  2 jackals
  7 kobolds
  A ball python (D:3)
  7 bats
  4 giant newts
  A quokka (D:4)
  10 rats
96 creatures vanquished.
